 Dungeon Crawl Stone Soup version 0.19.4 (webtiles) character file.

160 Naow the Conjurer (level 5, -1/28 HPs)
             Began as a Deep Elf Conjurer on Jan 30, 2017.
             Slain by an orc
             ... wielding a +0 falchion
              (2 damage)
             ... on level 3 of the Dungeon.
             The game lasted 00:05:10 (3035 turns).

Naow the Conjurer (Deep Elf Conjurer)               Turns: 3035, Time: 00:05:10

Health: -1/28      AC:  9    Str:  5    XL:     5   Next: 17%
Magic:  14/14      EV: 18    Int: 21    God:
Gold:   100        SH:  0    Dex: 20    Spells: 4 memorised, 1 level left

rFire  . . .     SeeInvis .     r - +2 short sword (protect)
rCold  . . .     Gourm    .     a - +0 robe
rNeg   . . .     Faith    .     (no shield)
rPois  .         Spirit   .     (no helmet)
rElec  .         Reflect  .     (no cloak)
rCorr  .         Harm     .     (no gloves)
MR     .....                    (no boots)
Stlth  ++........               m - amulet of rage
                                (no ring)
                                (no ring)

@: confused, agile, protection aura, very slightly contaminated, hasted, very
quick
A: no striking features
a: Evoke Berserk Rage


You were on level 3 of the Dungeon.
You were not hungry.

You visited 1 branch of the dungeon, and saw 3 of its levels.

You collected 100 gold pieces.

Inventory:

Hand Weapons
 r - a +2 short sword of protection (weapon)
 s - a +4 dagger
Armour
 a - a +0 robe (worn)
 t - a +0 helmet
Jewellery
 m - an amulet of rage (around neck)
Wands
 q - a wand of disintegration (8/24)
 v - a wand of random effects (18/48)
Scrolls
 e - 2 scrolls of identify {unknown}
 f - 2 scrolls of random uselessness {unknown}
 j - 3 scrolls of teleportation {unknown}
 o - 2 scrolls of remove curse {unknown}
 u - 3 scrolls of enchant weapon {unknown}
Potions
 d - a potion of curing {unknown}
 g - a potion of cure mutation {unknown}
 h - a potion of flight {unknown}
 i - a potion of haste
 k - a potion of agility
 l - a potion of heal wounds {unknown}
 n - a potion of lignification {unknown}
Books
 b - a book of Conjurations

   Spells                             Type                      Level
   a - Magic Dart                     Conjuration                  1
   b - Searing Ray                    Conjuration                  2
   c - Dazzling Spray                 Conjuration/Hexes            3
   d - Fulminant Prism                Conjuration/Hexes            4
   e - Iskenderun's Mystic Blast      Conjuration                  4
   f - Iskenderun's Battlesphere      Conjuration/Charms           5
Comestibles
 c - 3 bread rations
 p - a chunk of flesh


   Skills:
 - Level 2.4 Dodging
 - Level 2.4 Stealth
 + Level 4.8 Spellcasting
 * Level 6.3 Conjurations
 + Level 0.4 Charms


You had one spell level left.
You knew the following spells:

 Your Spells              Type           Power        Failure   Level  Hunger
a - Magic Dart            Conj           ####         1%          1    None
b - Searing Ray           Conj           ####..       1%          2    None
c - Iskenderun's Battles  Conj/Chrm      ###.....     78%         5    #####..
d - Iskenderun's Mystic   Conj           ####....     10%         4    ####...


Dungeon Overview and Level Annotations

Branches:
Dungeon (3/15)

Altars:
Dithmenos
Fedhas
Makhleb
The Shining One


Message History

The orc barely misses you. The orc hits you but does no damage.
You hit the orc.
Your weapon exudes an aura of protection.
The orc is severely wounded.
The orc hits you but does no damage. The orc hits you with a falchion.
You hear some strange, mumbled words.
A puff of flame appears from out of thin air!
The puff of flame hits you!
* * * LOW HITPOINT WARNING * * *
It was a potion of agility.
You feel agile all of a sudden. The orc completely misses you.
The orc closely misses you. Something hits you.
* * * LOW HITPOINT WARNING * * *
It was a potion of haste.
You feel yourself speed up. The orc closely misses you. The orc misses you.
Something hits you but does no damage.
You are very lightly contaminated with residual magic.
You bump into the rock wall.
The orc barely misses you. The orc hits you with a falchion.
You die...

#.##.###...##....
#.##.......####)# #
#.#..............
#.##.#.###########.# #
#...(..............#
###.#.##.#.##.########..
#...........#.##### #..
###.#..{o.........# #..
###@o..#.)..#..# ###
#...##....# .. #
#...#......# #
....##.o....# #
####.#........# #
..#........# .
#..##......## # #...


You could see 2 orcs.

Vanquished Creatures
  Jessica (D:3)
  Robin (D:2)
  3 adders
  4 dart slugs
  A leopard gecko (D:1)
  3 orcs (D:3)
  2 giant cockroaches
  14 goblins
  14 hobgoblins
  10 jackals
  2 ball pythons
  4 bats (D:1)
  6 frilled lizards
  7 kobolds
  7 rats
79 creatures vanquished.

Notes
Turn   | Place    | Note
-------+----------+-------------------------------------------
     0 | D:1      | Naow the Deep Elf Conjurer began the quest for the Orb.
     0 | D:1      | Reached XP level 1. HP: 10/10 MP: 6/6
   189 | D:1      | Reached XP level 2. HP: 15/15 MP: 4/8
   193 | D:1      | Learned a level 2 spell: Searing Ray
   344 | D:1      | Reached skill level 5 in Conjurations
   594 | D:1      | Found a glowing golden altar of the Shining One.
   765 | D:1      | Reached XP level 3. HP: 19/19 MP: 7/10
  1040 | D:2      | Found a blossoming altar of Fedhas.
  1486 | D:2      | Found a shadowy altar of Dithmenos.
  1627 | D:2      | Reached XP level 4. HP: 24/24 MP: 9/11
  1695 | D:2      | Noticed Robin
  1700 | D:2      | Killed Robin
  2023 | D:2      | Reached skill level 6 in Conjurations
  2312 | D:3      | Found a burning altar of Makhleb.
  2420 | D:3      | Noticed Jessica
  2425 | D:3      | Killed Jessica
  2431 | D:3      | Reached XP level 5. HP: 28/28 MP: 4/13
  2438 | D:3      | Learned a level 5 spell: Iskenderun's Battlesphere
  2443 | D:3      | Learned a level 4 spell: Iskenderun's Mystic Blast
  3033 | D:3      | HP: 1/28 [something (1)]
  3035 | D:3      | Slain by an orc

Skill      XL: |  1  2  3  4 |
---------------+-------------+-----
Conjurations   | 5 6 |  6.3
Spellcasting   | 4 |  4.8
Dodging        | |  2.4
Stealth        | |  2.4
Charms         | |  0.4

Action                   |  1- 3 |  4- 6 || total
-------------------------+-------+-------++-------
Melee: Unarmed           |    10 |       ||    10
       Short sword       |       |     2 ||     2
 Cast: Magic Dart        |    89 |    67 ||   156
  Use: Potion            |       |     2 ||     2
  Eat: Chunk             |     2 |     4 ||     6
Armor: Robe              |     7 |     6 ||    13
Dodge: Dodged            |    22 |     9 ||    31
